 Dungeon Crawl Stone Soup version 0.22-a0-322-g60b3cfd (webtiles) character file.

23 Kairos the Conjurer (level 3, 22/24 HPs)
             Began as a Human Conjurer on Apr 5, 2018.
             Got out of the dungeon alive.
             The game lasted 00:02:11 (535 turns).

Kairos the Conjurer (Human Conjurer)                 Turns: 535, Time: 00:02:11

Health: 22/24      AC:  1    Str:  8    XL:     3   Next: 12%
Magic:  6/6        EV: 12    Int: 15    God:
Gold:   6          SH:  0    Dex: 14    Spells: 5/6 levels left

rFire    . . .     SeeInvis .   d - +0 short sword
rCold    . . .     Gourm    .   (no shield)
rNeg     . . .     Faith    .   a - +0 robe
rPois    .         Spirit   .   (no helmet)
rElec    .         Reflect  .   (no cloak)
rCorr    .         Harm     .   (no gloves)
MR       .....                  b - -2 pair of boots (curse)
Stlth    ++........             (no amulet)
HPRegen  0.08/turn              (no ring)
MPRegen  0.10/turn              (no ring)

@: no status effects
A: no striking features
a: no special abilities


You escaped.
You were not hungry.

You visited 1 branch of the dungeon, and saw 1 of its levels.

You collected 6 gold pieces.

Inventory:

Hand Weapons
 d - a +0 short sword (weapon)
Armour
 a - a +0 robe (worn)
 b - a cursed -2 pair of boots (worn)
Scrolls
 e - a scroll of identify {unknown}
 f - a scroll of immolation {unknown}
Comestibles
 c - a ration


   Skills:
 + Level 2.0 Dodging
 + Level 2.2 Stealth
 + Level 2.1 Spellcasting
 + Level 4.6 Conjurations


You had 5 spell levels left.
You knew the following spells:

 Your Spells              Type           Power        Failure   Level  Hunger
a - Magic Dart            Conj           ###.         3%          1    #......


Dungeon Overview and Level Annotations

Branches:
Dungeon (1/15)

Altars:


Message History

Aiming: Magic Dart (safe; 3% risk of failure)
Press: ? - help, Shift-Dir - straight line, f - giant cockroach
Aim: a giant cockroach (clinging)
The magic dart hits the giant cockroach.
The giant cockroach is almost dead.
Casting: Magic Dart (safe; 3% risk of failure)
Confirm with . or Enter, or press ? or * to list all spells.
Aiming: Magic Dart (safe; 3% risk of failure)
Press: ? - help, Shift-Dir - straight line, f/p - giant cockroach
Aim: a giant cockroach (almost dead, clinging)
The magic dart hits the giant cockroach.
You kill the giant cockroach!
You see here a stone.
Found 4 gold pieces.
You see here a stone.
The dart slug is too close now for your liking.
You can't go up here!
There is a staircase leading out of the dungeon here.
Are you sure you want to leave the Dungeon?
This will make you lose the game!
You have escaped!

..... ....#####.#..#.##...####
.... .........gK............# ..#
############.##############.# .##
♣....................... #.# .$#
♣..8..8.......)...8..8.. #.# ..#
♣...............w...÷... #.#
[.♣♣♣..................(÷... ♣..
..♣♣...8..8...........8..8.. ♣.#
..♣♣............@........... ♣.#
..♣♣...8..8...........8..8.. ♣.#
..♣♣♣...÷...............÷... ♣.#
..# ♣...÷...............÷(.. #.#
..# ♣..8..8...........8..8. #.#
..# ♣...................... #.#
..##############.##############.#
.................................
..##'##+#.##.######....##[##.##.#


You could see a dart slug (wandering).

Vanquished Creatures
  2 dart slugs (D:1)
  A leopard gecko (D:1)
  3 giant cockroaches (D:1)
  A goblin (D:1)
  3 hobgoblins (D:1)
  A ball python (D:1)
  A bat (D:1)
  A frilled lizard (D:1)
  4 kobolds (D:1)
  A rat (D:1)
18 creatures vanquished.

Notes
Turn   | Place    | Note
-------+----------+-------------------------------------------
     0 | D:1      | Kairos the Human Conjurer began the quest for the Orb.
     0 | D:1      | Reached XP level 1. HP: 13/13 MP: 3/3
   143 | D:1      | Reached XP level 2. HP: 18/19 MP: 1/5
   406 | D:1      | Reached XP level 3. HP: 14/24 MP: 1/6
   535 | D:$      | Got out of the dungeon alive.

Vault maps used:
D:1:      giann_forest_graveyard

Action                   || total
-------------------------++-------
Melee: Short sword       ||    21
       Dagger            ||     2
 Cast: Magic Dart        ||    33
Armor: Robe              ||     4
Dodge: Dodged            ||    17

Table legend:
 A = Spawn XP
 B = Non-spawn XP
 C = Spawn XP percentage of total XP
 D = Spawn monster count
 E = Non-spawn monster count
 F = Spawn count percentage of total count
 G = Total turns spent on level
                    A         B        C        D         E        F      G
               +---------+---------+-------+---------+---------+-------+---------
         Total |       0 |      34 |   0.0 |       0 |      18 |   0.0 |   535
               +---------+---------+-------+---------+---------+-------+---------
           D:1 |       0 |      34 |   0.0 |       0 |      18 |   0.0 |   535
               +---------+---------+-------+---------+---------+-------+---------
